[Event "Titled Tuesday Blitz November 14 Late 2023"]
[White "Bjelobrk, Igor"]
[Black "Ponce Cano, Adrian"]
[WhiteFideId "4300726"]
[BlackFideId "22296913"]
[WhiteElo "2672"]
[BlackElo "2517"]
[Result "1/2-1/2"]
[Round "4"]
[TimeControl "180+1"]
[Date "2023.11.14"]
[WhiteClock "0:01:14"]
[BlackClock "0:00:21"]
[Board "54"]

1. d4 d5 2. c4 c6 3. Nf3 Nf6 4. Qc2 e6 5. g3 Nbd7 6. Bg2 dxc4 7. Qxc4 Bd6 8. O-O O-O 9. Rd1 h6 10. Qc2 Qe7 11. Nc3 e5 12. e4 exd4 13. Nxd4 Ne5 14. h3 Bc5 15. Nce2 Rd8 16. f4 Ng6 17. e5 Nd5 18. Kh2 Bb6 19. Nf5 Bxf5 20. Qxf5 Ne3 21. Bxe3 Bxe3 22. Rd3 Rxd3 23. Qxd3 Bb6 24. Rd1 Rd8 25. Qc2 Rxd1 26. Qxd1 Qb4 27. Qc2 Qe1 28. h4 Nxh4 29. gxh4 Qxh4+ 30. Bh3 Qf2+ 31. Bg2 Qh4+ 32. Bh3 Qf2+ 33. Bg2 Qh4+ 1/2-1/2


[Site "https://www.chess.com"]

[Event "Titled Tuesday Blitz November 14 Late 2023"]
[White "JackRodgers"]
[Black "Luczak, Filip"]
[BlackFideId "1193686"]
[WhiteElo "2515"]
[BlackElo "2664"]
[Result "0-1"]
[Round "4"]
[TimeControl "180+1"]
[Date "2023.11.14"]
[WhiteClock "0:00:02"]
[BlackClock "0:00:22"]
[Board "55"]

1. d4 g6 2. h4 Bg7 3. h5 c5 4. hxg6 hxg6 5. Rxh8 Bxh8 6. c3 cxd4 7. cxd4 Nc6 8. Nf3 d6 9. Nc3 Bg4 10. e3 Qd7 11. Be2 Nf6 12. Bd2 Kf8 13. Qb3 a6 14. O-O-O Bf5 15. Rh1 Bg7 16. Ng5 d5 17. f3 Rc8 18. g4 Be6 19. Nxe6+ Qxe6 20. Qxb7 Ne8 21. Qxa6 Nc7 22. Qa4 Ra8 23. Qb3 Rb8 24. Qd1 Ne8 25. Qa4 Rb4 26. Qa3 Nd6 27. Qa8+ Nc8 28. Bb5 Na7 29. Ba6 Qxa6 30. Qxd5 Nd6 31. Qa8+ Ndc8 32. a3 Rc4 33. Qe4 Nd6 34. Qc2 Nab5 35. Qb3 Qc6 36. Kb1 Nxc3+ 37. Bxc3 Qxf3 38. Re1 Qxg4 39. a4 Qe4+ 40. Ka2 Qd5 41. Kb1 Qc6 42. a5 g5 43. e4 Bxd4 44. Bxd4 Rxd4 45. e5 Nc4 46. Qb8+ Kg7 47. e6 Nd2+ 48. Ka2 Qa4# 0-1


[Site "https://www.chess.com"]

[Event "Titled Tuesday Blitz November 14 Late 2023"]
[White "Shohat, Yotam"]
[Black "Adla, Diego"]
[WhiteFideId "2813955"]
[BlackFideId "100072"]
[WhiteElo "2502"]
[BlackElo "2657"]
[Result "0-1"]
[Round "4"]
[TimeControl "180+1"]
[Date "2023.11.14"]
[WhiteClock "0:00:00"]
[BlackClock "0:00:26"]
[Board "56"]

1. e4 e5 2. Nf3 Nc6 3. Bb5 Bc5 4. c3 Qf6 5. O-O Nge7 6. d3 h6 7. Nbd2 O-O 8. a4 a6 9. Bc4 d6 10. b4 Bb6 11. b5 axb5 12. Bxb5 Ng6 13. Nc4 Ba7 14. Be3 Bg4 15. h3 Bxf3 16. Qxf3 Qxf3 17. gxf3 Nce7 18. a5 d5 19. exd5 Nxd5 20. a6 bxa6 21. Bc6 Nxe3 22. fxe3 Rad8 23. Rxa6 Bc5 24. d4 exd4 25. cxd4 Bd6 26. Be4 f5 27. Bd5+ Kh7 28. Nxd6 Rxd6 29. Rxd6 cxd6 30. Rc1 Ne7 31. Be6 Kg6 32. f4 Kf6 33. d5 Rb8 34. Kf2 Rb2+ 35. Kf3 Rd2 36. Rc7 Nxd5 37. Bxd5 Rxd5 38. h4 Rd1 39. Rd7 g6 40. h5 g5 41. Rh7 g4+ 42. Ke2 Rh1 43. Rxh6+ Ke7 44. Rh7+ Ke6 45. Rh6+ Kd5 46. Kf2 Rh2+ 47. Kg1 Re2 48. Rf6 Ke4 49. h6 Kf3 50. Rg6 g3 0-1


[Site "https://www.chess.com"]

[Event "Titled Tuesday Blitz November 14 Late 2023"]
[White "Sztokbant, Bernardo Vainzoff"]
[Black "Martinez Ramirez, Lennis"]
[WhiteFideId "2115956"]
[BlackFideId "3509079"]
[WhiteElo "2496"]
[BlackElo "2651"]
[Result "1-0"]
[Round "4"]
[TimeControl "180+1"]
[Date "2023.11.14"]
[WhiteClock "0:00:10"]
[BlackClock "0:00:15"]
[Board "57"]

1. e4 e5 2. f4 d5 3. exd5 e4 4. d3 Qxd5 5. dxe4 Qxe4+ 6. Qe2 Qxe2+ 7. Bxe2 Nc6 8. Nf3 Bc5 9. Nc3 Nf6 10. Bd2 Bf5 11. O-O-O O-O-O 12. h3 Nb4 13. Ne5 Bxc2 14. Nxf7 Bxd1 15. Rxd1 Rhe8 16. Nxd8 Rxd8 17. a3 Nd3+ 18. Kc2 Nf2 19. Re1 c6 20. Bf3 Nd3 21. Re6 Nxb2 22. Bc1 Nc4 23. Bxc6 Bxa3 24. Bxa3 Nxa3+ 25. Kb3 Rd3 26. Bf3 Nb5 27. Kc4 Rxc3+ 28. Kxb5 Rc7 29. g4 Rf7 30. f5 Nd7 31. Bd5 Kc7 32. h4 a6+ 33. Kb4 Rf8 34. Re7 Kd6 35. Rxg7 Rb8 36. Be6 Nc5 37. Rxh7 b5 38. h5 Nd3+ 39. Kc3 Ne5 40. g5 b4+ 41. Kb2 a5 42. h6 a4 43. Ra7 Nd3+ 44. Kc2 b3+ 45. Kxd3 b2 46. Ba2 Rb3+ 47. Kc2 Ra3 48. Kxb2 Rg3 49. Rxa4 Rg2+ 50. Ka3 Rxg5 51. h7 Rh5 52. Ra7 Rh3+ 53. Bb3 Ke5 54. Rf7 Kf4 55. Kb4 Kg5 56. Rg7+ Kf6 57. Rf7+ Ke5 58. Kc5 Rxb3 59. h8=Q+ Ke4 60. Qe8+ Kd3 61. Kd6 Rb4 62. Ke7 Re4+ 63. Kf8 Rxe8+ 64. Kxe8 Kd4 65. f6 Kd5 66. Re7 Kd6 67. f7 Kc6 68. f8=Q Kc5 69. Qf6 Kc4 70. Re5 Kc3 71. Qf4 Kc2 72. Rc5+ Kb2 73. Qb4+ Ka1 74. Ra5# 1-0


[Site "https://www.chess.com"]

[Event "Titled Tuesday Blitz November 14 Late 2023"]
[White "Sivakumar, Shaaketh"]
[Black "MFatigue"]
[WhiteFideId "30940176"]
[WhiteElo "2648"]
[BlackElo "2487"]
[Result "1/2-1/2"]
[Round "4"]
[TimeControl "180+1"]
[Date "2023.11.14"]
[WhiteClock "0:00:17"]
[BlackClock "0:00:07"]
[Board "58"]

1. Nf3 d5 2. g3 g6 3. Bg2 Bg7 4. d4 Nf6 5. c4 c6 6. O-O O-O 7. b3 Be6 8. Qc2 Nbd7 9. Bb2 Ne4 10. Nbd2 Bf5 11. Nxe4 Bxe4 12. Qd2 e5 13. cxd5 Bxd5 14. dxe5 Bxf3 15. exf3 Nxe5 16. Qc2 Qd3 17. Qxd3 Nxd3 18. Bxg7 Kxg7 19. Rfd1 Rad8 20. Bf1 Nb4 21. a3 Nd5 22. Rd3 Rd6 23. Rad1 Rfd8 24. b4 Kf6 25. f4 Ke7 26. Re1+ Kf6 27. Red1 Ke7 28. Re1+ Kf6 29. Rb3 Ne7 30. b5 c5 31. a4 b6 32. a5 Nf5 33. axb6 axb6 34. Ra3 Nd4 35. Rb1 Nc2 36. Ra6 Nb4 37. Ra7 Nc2 38. Kg2 Nd4 39. Bc4 R8d7 40. Rba1 Ne6 41. Ra8 Rb7 42. Rh8 h5 43. Raa8 Rd4 44. Be2 c4 45. Rhb8 Rxb8 46. Rxb8 c3 47. Rxb6 Rd2 48. Bf3 Rb2 49. Rc6 c2 50. Be4 Kg7 51. Bxc2 Nd4 52. Rc4 Nxc2 53. b6 Na3 54. Ra4 Rxb6 55. Rxa3 Rf6 56. Re3 Rd6 57. h3 Rd7 58. Kf3 Rd6 59. Rc3 Rf6 60. Ke4 Rd6 61. Kf3 Re6 62. Rd3 Re1 63. g4 Rh1 64. Kg2 Ra1 65. g5 Ra5 66. Kg3 Rf5 67. Re3 Rc5 68. Re5 Rc3+ 69. f3 Rc1 70. f5 Rg1+ 71. Kf2 Rxg5 72. f4 Rxf5 73. Rxf5 gxf5 74. h4 Kf6 75. Ke3 Ke6 76. Kd4 Kd6 77. Kc4 Kc6 78. Kd4 Kd6 79. Kc4 f6 80. Kd4 Kc6 81. Kc4 Kd6 82. Kd4 Kc6 83. Kc4 Kd6 1/2-1/2


[Site "https://www.chess.com"]

[Event "Titled Tuesday Blitz November 14 Late 2023"]
[White "reevecanada"]
[Black "Molina Carretero, Daniel"]
[BlackFideId "32071914"]
[WhiteElo "2647"]
[BlackElo "2452"]
[Result "1-0"]
[Round "4"]
[TimeControl "180+1"]
[Date "2023.11.14"]
[WhiteClock "0:02:51"]
[BlackClock "0:01:18"]
[Board "59"]

1. e4 c6 2. c4 d5 3. cxd5 cxd5 4. exd5 Nf6 5. Nc3 g6 6. Nf3 Bg7 7. Bc4 O-O 8. d4 Nbd7 9. Bb3 Nb6 10. d6 Qxd6 11. O-O Bg4 12. h3 Bxf3 13. Qxf3 Qxd4 14. Qxb7 Qd7 15. Qxd7 Nbxd7 16. Be3 Rfc8 17. Rad1 Nc5 18. Bc2 Rab8 19. Bxc5 Rxc5 20. Bb3 Rc7 21. Rfe1 Kf8 22. g4 h6 23. f4 Ke8 24. Rd2 Rbc8 25. Red1 e6 26. Nb5 Ne4 27. Nxc7+ Rxc7 28. Re2 Nc5 29. Bc4 Na4 30. Bb5+ 1-0


[Site "https://www.chess.com"]

[Event "Titled Tuesday Blitz November 14 Late 2023"]
[White "Ahmad, Khagan"]
[Black "Lima, Kleyton Alcantara"]
[WhiteFideId "13431552"]
[BlackFideId "22718397"]
[WhiteElo "2640"]
[BlackElo "2584"]
[Result "0-1"]
[Round "4"]
[TimeControl "180+1"]
[Date "2023.11.14"]
[WhiteClock "0:00:00"]
[BlackClock "0:01:12"]
[Board "60"]

1. e4 c5 2. Nc3 d6 3. d4 cxd4 4. Qxd4 Nc6 5. Qd2 g6 6. b3 Bh6 7. f4 Nf6 8. Bb2 O-O 9. O-O-O e5 10. g3 Re8 11. Bg2 Bg4 12. Nge2 exf4 13. gxf4 Bxe2 14. Nxe2 Nxe4 15. Bxe4 Rxe4 16. Qc3 f6 17. Qd3 Qe7 18. Bxf6 Qe6 19. Rhe1 Re8 20. Bc3 Rxe2 21. Rxe2 Qxe2 22. Qxd6 Qe6 23. Qd2 Rd8 24. Qxd8+ Nxd8 25. Rxd8+ Kf7 26. Rh8 Bxf4+ 27. Kb2 Be5 28. Rxh7+ Kg8 29. Rh4 Bxc3+ 30. Kxc3 Qe5+ 31. Kd3 Qf5+ 32. Re4 g5 33. c4 Qf1+ 34. Kd4 Qf2+ 35. Kd5 Qxh2 36. Re7 g4 37. Rxb7 Qg2+ 0-1


[Site "https://www.chess.com"]

[Event "Titled Tuesday Blitz November 14 Late 2023"]
[White "szachmistrz2500"]
[Black "Thomforde-Toates, Noah"]
[BlackFideId "30951992"]
[WhiteElo "2440"]
[BlackElo "2635"]
[Result "1-0"]
[Round "4"]
[TimeControl "180+1"]
[Date "2023.11.14"]
[WhiteClock "0:00:15"]
[BlackClock "0:00:21"]
[Board "61"]

1. Nf3 Nf6 2. g3 g6 3. Bg2 Bg7 4. d3 d6 5. e4 c5 6. O-O O-O 7. c3 Nc6 8. Re1 Bg4 9. Nbd2 Nd7 10. h3 Bxf3 11. Nxf3 Nde5 12. Bf4 Qd7 13. Qd2 Nxf3+ 14. Bxf3 Qxh3 15. Bg2 Qd7 16. Be3 e5 17. f4 f5 18. exf5 gxf5 19. fxe5 Nxe5 20. Bd5+ Kh8 21. Kg2 Ng4 22. Rh1 Rae8 23. Bf4 Be5 24. Rae1 Bxf4 25. Qxf4 Re5 26. Bf3 Rfe8 27. Rxe5 dxe5 28. Qd2 Rg8 29. Qe2 Qd6 30. Rh5 c4 31. dxc4 e4 32. Bxg4 Rxg4 33. Qe3 Qe5 34. Kf2 f4 35. Rxe5 fxe3+ 36. Kxe3 Rxg3+ 37. Kxe4 b6 38. Re8+ Kg7 39. Re7+ Kg6 40. Rxa7 Rg2 41. b4 Rg3 42. Kd4 Rg4+ 43. Kd5 Rg3 44. c5 bxc5 45. bxc5 Rxc3 46. c6 h5 47. c7 h4 48. Ra6+ Kf7 49. Rc6 Rd3+ 50. Ke4 Rd7 51. c8=Q Re7+ 52. Kf5 h3 53. Rf6+ Kg7 54. Qf8+ Kh7 55. Rh6# 1-0


[Site "https://www.chess.com"]

[Event "Titled Tuesday Blitz November 14 Late 2023"]
[White "Estrada Nieto, Julian"]
[Black "Papasimakopoulos, Alexandros"]
[WhiteFideId "5101018"]
[BlackFideId "4244125"]
[WhiteElo "2438"]
[BlackElo "2633"]
[Result "1/2-1/2"]
[Round "4"]
[TimeControl "180+1"]
[Date "2023.11.14"]
[WhiteClock "0:00:07"]
[BlackClock "0:00:12"]
[Board "62"]

1. d4 d5 2. Nf3 c6 3. c4 e6 4. cxd5 exd5 5. Nc3 Bd6 6. Qc2 Ne7 7. e4 dxe4 8. Nxe4 Bb4+ 9. Nc3 Bf5 10. Qb3 Qb6 11. Bc4 Bg6 12. O-O O-O 13. Ne5 Nf5 14. Nxg6 hxg6 15. d5 Bxc3 16. bxc3 Qxb3 17. Bxb3 Rd8 18. Bg5 Rd7 19. Rad1 cxd5 20. Rxd5 Rxd5 21. Bxd5 Nc6 22. Rb1 Nd6 23. Bf4 Rd8 24. h3 Na5 25. Bxd6 Rxd6 26. Bxb7 Rd2 27. a4 Ra2 28. Bd5 Rxa4 29. Rb8+ Kh7 30. Bxf7 Nc4 31. h4 Ne5 32. Bg8+ Kh6 33. Bb3 Ra1+ 34. Kh2 g5 35. Rh8+ Kg6 36. Bc2+ Kf6 37. Rf8+ Ke7 38. Rf5 Nf7 39. hxg5 Rc1 40. Bb3 Nd6 41. Re5+ Kd7 42. Re3 Kd8 43. f4 Nb5 44. f5 Rxc3 45. Rxc3 Nxc3 46. Kg3 Ke7 47. Kf4 a5 48. Ke5 a4 49. f6+ gxf6+ 50. gxf6+ Kf8 51. Bxa4 Nxa4 52. g4 Nc5 53. g5 Nd7+ 54. Kf5 Nc5 55. g6 Nd7 56. Ke6 Nc5+ 57. Kf5 Nd7 58. Kg5 Kg8 59. Kf5 Nxf6 60. Kxf6 Kf8 61. g7+ Kg8 62. Kg6 1/2-1/2


[Site "https://www.chess.com"]

[Event "Titled Tuesday Blitz November 14 Late 2023"]
[White "Yang, Kevin"]
[Black "Flameboard08"]
[WhiteFideId "30908485"]
[WhiteElo "2435"]
[BlackElo "2629"]
[Result "0-1"]
[Round "4"]
[TimeControl "180+1"]
[Date "2023.11.14"]
[WhiteClock "0:00:00"]
[BlackClock "0:00:09"]
[Board "63"]

1. d4 b6 2. Bf4 Bb7 3. e3 d6 4. Nf3 Nd7 5. h3 g6 6. Nbd2 Bg7 7. c3 e5 8. Bh2 Ne7 9. Bc4 O-O 10. h4 d5 11. Bb5 e4 12. Ng1 Nf6 13. Be5 Nc6 14. Bxf6 Qxf6 15. h5 Ne7 16. Qg4 Bc8 17. Qg3 c6 18. Be2 Nf5 19. Qc7 Qd6 20. Qxd6 Nxd6 21. Nh3 Bd7 22. O-O-O h6 23. hxg6 fxg6 24. f3 Nf5 25. fxe4 Nxe3 26. Rdg1 dxe4 27. Nxe4 Rae8 28. Nd6 Re6 29. Nc4 g5 30. Nxe3 Rxe3 31. Bc4+ Be6 32. Bxe6+ Rxe6 33. Re1 Ref6 34. Ng1 R8f7 35. Nf3 Rf5 36. Kd2 g4 37. Nh4 Rg5 38. Re4 h5 39. g3 Bf6 40. Rhe1 Ra5 41. Re6 Bxh4 42. gxh4 Rf2+ 43. Kd3 Rf3+ 44. Kc2 Raf5 45. Rxc6 Rf2+ 0-1


[Site "https://www.chess.com"]

[Event "Titled Tuesday Blitz November 14 Late 2023"]
[White "Goncalves, Davi Sulzbacher"]
[Black "Vlassov, Nikolai"]
[WhiteFideId "2154510"]
[BlackFideId "4103360"]
[WhiteElo "2424"]
[BlackElo "2629"]
[Result "1-0"]
[Round "4"]
[TimeControl "180+1"]
[Date "2023.11.14"]
[WhiteClock "0:00:02"]
[BlackClock "0:00:00"]
[Board "64"]

1. e4 Nc6 2. Nc3 Nf6 3. f4 d5 4. e5 d4 5. exf6 dxc3 6. fxg7 cxd2+ 7. Bxd2 Bxg7 8. c3 Bf5 9. Qb3 Qd6 10. O-O-O O-O 11. Nf3 a6 12. Be3 Qh6 13. Ng5 e5 14. Bc4 Na5 15. Bxf7+ Kh8 16. Qd5 Nc6 17. Be6 Rad8 18. Qc4 Rxd1+ 19. Rxd1 Qxh2 20. Bxf5 Rxf5 21. Qe6 Rf8 22. Nf7+ Rxf7 23. Qxf7 h6 24. f5 Qg3 25. Bd2 1-0


[Site "https://www.chess.com"]

[Event "Titled Tuesday Blitz November 14 Late 2023"]
[White "Saya, Ethan"]
[Black "Sakun, Volodymyr"]
[WhiteFideId "26095181"]
[BlackFideId "14114062"]
[WhiteElo "2423"]
[BlackElo "2626"]
[Result "1-0"]
[Round "4"]
[TimeControl "180+1"]
[Date "2023.11.14"]
[WhiteClock "0:00:05"]
[BlackClock "0:00:00"]
[Board "65"]

1. d4 Nf6 2. c4 c5 3. d5 e6 4. Nc3 exd5 5. cxd5 d6 6. e4 g6 7. Nf3 Bg7 8. h3 O-O 9. Bd3 Na6 10. O-O Nc7 11. a4 b6 12. Bf4 Nfe8 13. Re1 Bb7 14. Qd2 Na6 15. Bh6 Nb4 16. Bxg7 Kxg7 17. Bf1 Nc7 18. Na2 Nxa2 19. Rxa2 Qf6 20. e5 dxe5 21. Nxe5 Bxd5 22. Nd7 Qd4 23. Qxd4+ cxd4 24. Ra3 Rfe8 25. Ne5 Ne6 26. Bb5 Rec8 27. Rd1 Rc2 28. b4 Rac8 29. Bd7 R8c3 30. Rxc3 Rxc3 31. Bxe6 Bxe6 32. Rxd4 Ra3 33. b5 Ra1+ 34. Kh2 Bb3 35. Nc6 Rxa4 36. Rxa4 Bxa4 37. Nxa7 Kf6 38. Kg3 Ke6 39. Kf4 f6 40. h4 Kd6 41. g4 h6 42. g5 fxg5+ 43. hxg5 h5 44. Kg3 Kc5 45. Nc8 Bxb5 46. Ne7 Bd3 47. f4 Kd6 48. Nc8+ Kc7 49. Ne7 Kd7 50. Nd5 Kc6 51. Nb4+ Kd6 52. Nxd3 b5 53. f5 gxf5 54. Kh4 Ke6 55. Kxh5 Kf7 56. Kh6 Kg8 57. g6 f4 58. Nxf4 b4 59. Nd5 b3 60. Nf6+ Kf8 61. g7+ Kf7 62. g8=Q+ Kxf6 63. Qb8 1-0


[Site "https://www.chess.com"]

[Event "Titled Tuesday Blitz November 14 Late 2023"]
[White "Gurevich, Dmitry"]
[Black "Khater, Sherif"]
[WhiteFideId "2000407"]
[BlackFideId "2034280"]
[WhiteElo "2417"]
[BlackElo "2625"]
[Result "1-0"]
[Round "4"]
[TimeControl "180+1"]
[Date "2023.11.14"]
[WhiteClock "0:00:37"]
[BlackClock "0:00:46"]
[Board "66"]

1. d4 a6 2. c4 c6 3. e4 d5 4. e5 Bf5 5. Nf3 e6 6. Nc3 Ne7 7. a3 h6 8. c5 Bh7 9. b4 Nf5 10. Bd3 Be7 11. O-O O-O 12. Qc2 Bg6 13. h3 Nh4 14. Nxh4 Bxd3 15. Qxd3 Bxh4 16. f4 f5 17. Be3 Nd7 18. Kh2 Qe8 19. g3 Be7 20. Rg1 h5 21. Ra2 g6 22. g4 hxg4 23. hxg4 Rf7 24. gxf5 Rh7+ 25. Kg2 gxf5 26. Kf1+ Kh8 27. Qd1 Qh5 28. Qxh5 Rxh5 29. Rag2 Rh7 30. Nd1 a5 31. bxa5 Rf8 32. Nf2 Nb8 33. Nd3 Na6 34. Nb4 Nxb4 35. axb4 Ra8 36. Rg6 Rh3 37. Rxe6 Rxe3 38. Rh6# 1-0


[Site "https://www.chess.com"]

[Event "Titled Tuesday Blitz November 14 Late 2023"]
[White "Wadsworth, Matthew J"]
[Black "Bogaudinov, Rushan"]
[WhiteFideId "415804"]
[BlackFideId "4129288"]
[WhiteElo "2624"]
[BlackElo "2404"]
[Result "1-0"]
[Round "4"]
[TimeControl "180+1"]
[Date "2023.11.14"]
[WhiteClock "0:01:22"]
[BlackClock "0:00:08"]
[Board "67"]

1. c4 e5 2. Nf3 Nc6 3. Nc3 Nf6 4. e4 d6 5. d3 g6 6. g3 Bg7 7. Bg2 O-O 8. O-O a5 9. Rb1 Bg4 10. h3 Be6 11. Nd5 Ne8 12. b3 h6 13. a3 Kh7 14. b4 axb4 15. axb4 Ne7 16. Be3 f5 17. Nxe7 Qxe7 18. exf5 gxf5 19. Qd2 Nf6 20. c5 Nd5 21. cxd6 cxd6 22. Nh4 Bf6 23. Nxf5 Bxf5 24. Bxd5 Bxh3 25. Rfc1 Rab8 26. b5 Bg5 27. b6 Bxe3 28. Qxe3 Rbc8 29. Rxc8 Bxc8 30. Rc1 Kg6 31. Rc7 Qg5 32. Be4+ Kf6 33. Qf3+ Ke6 34. Bd5# 1-0


[Site "https://www.chess.com"]

[Event "Titled Tuesday Blitz November 14 Late 2023"]
[White "Fiorito, Francisco"]
[Black "Jimenez Ruano, Adrian"]
[WhiteFideId "180165"]
[BlackFideId "22276050"]
[WhiteElo "2611"]
[BlackElo "2396"]
[Result "0-1"]
[Round "4"]
[TimeControl "180+1"]
[Date "2023.11.14"]
[WhiteClock "0:00:01"]
[BlackClock "0:00:06"]
[Board "68"]

1. Nf3 c5 2. g3 Nc6 3. c4 e5 4. d3 g6 5. Nc3 Bg7 6. Bg2 Nge7 7. O-O O-O 8. Ne1 h6 9. Nc2 d6 10. a3 Be6 11. Ne3 f5 12. Ned5 Kh7 13. Rb1 Rb8 14. b4 b6 15. b5 Na5 16. f4 Bxd5 17. Nxd5 Nxd5 18. Bxd5 exf4 19. Bxf4 Bd4+ 20. e3 Bg7 21. e4 g5 22. Bd2 f4 23. gxf4 gxf4 24. Bxf4 Qe7 25. Bg3 Bd4+ 26. Kh1 Rxf1+ 27. Qxf1 Rf8 28. Qh3 Qf6 29. Qg2 h5 30. h3 Qg6 31. e5 Qg5 32. Be4+ Kh6 33. exd6 h4 34. Bh2 Qxg2+ 35. Bxg2 Rd8 36. Re1 Kg6 37. Re7 Kf6 38. Rxa7 Be5 39. Bxe5+ Kxe5 40. d7 Kd6 41. Ra6 Kc7 42. Bd5 Rxd7 43. Kg2 Kd6 44. Rxb6+ Ke5 45. Kf3 Rg7 46. Re6+ Kd4 47. Be4 Kc3 48. b6 Rg3+ 49. Kf4 Rxh3 50. b7 Nxb7 51. Bxb7 Rxd3 52. Bd5 h3 53. Rh6 Kb3 54. Ke5 Kxa3 55. Kd6 Kb4 56. Rh8 Re3 57. Rb8+ Kc3 58. Kxc5 h2 59. Rh8 Re2 60. Kc6 Kd4 61. c5 Rc2 62. Rh4+ Ke5 63. Rxh2 Rxh2 64. Bb3 Rh3 65. Ba4 Ra3 66. Bb5 Kd4 67. Kb6 Rc3 68. c6 Kd5 69. Ba4 Kd6 70. Bb5 Rb3 71. Ka5 Ra3+ 72. Ba4 Kc7 73. Kb4 Rh3 74. Ka5 Rh4 75. Bb5 Rh5 76. Ka6 Rc5 77. Ka5 Rc2 78. Ba4 Rb2 79. Bb5 Rb3 80. Ba4 Rb8 81. Bb5 Ra8+ 82. Kb4 Kb6 83. Ba4 Rd8 84. Kc3 Rd5 85. Kc4 Rc5+ 86. Kb4 Rc1 87. Kb3 Rb1+ 88. Kc2 Ra1 89. Kb3 Re1 90. Ka3 Re3+ 91. Kb4 Re4+ 92. Kb3 Rd4 93. Ka3 Ka5 94. c7 Rc4 95. Bb3 Rxc7 96. Kb2 Kb4 97. Ba2 Rc3 98. Ka1 Ka3 99. Bb1 Rb3 100. Ba2 Rb2 101. Bb1 Kb3 102. Bd3 Ra2+ 103. Kb1 Rd2 104. Be4 Rd1# 0-1


[Site "https://www.chess.com"]

[Event "Titled Tuesday Blitz November 14 Late 2023"]
[White "Doluhanova, Evgeniya"]
[Black "Roberson, Peter T"]
[WhiteFideId "14112035"]
[BlackFideId "412384"]
[WhiteElo "2362"]
[BlackElo "2611"]
[Result "0-1"]
[Round "4"]
[TimeControl "180+1"]
[Date "2023.11.14"]
[WhiteClock "0:00:00"]
[BlackClock "0:00:05"]
[Board "69"]

1. d4 Nf6 2. c4 c5 3. e3 g6 4. Nf3 Bg7 5. Nc3 O-O 6. Be2 cxd4 7. Nxd4 d5 8. cxd5 Nxd5 9. O-O Nxc3 10. bxc3 Nd7 11. Ba3 Qc7 12. Bxe7 Re8 13. Nb5 Qc6 14. Qd6 a6 15. Nc7 Rxe7 16. Qxc6 bxc6 17. Nxa8 Bb7 18. Rab1 Bxa8 19. Bxa6 Bxc3 20. Rfd1 Kg7 21. Bc4 c5 22. a4 Bb4 23. f3 Nb6 24. Rd8 Rxe3 25. a5 Nxc4 26. Rxa8 Nxa5 27. Rxb4 cxb4 28. Rxa5 Rb3 29. Rb5 Kf6 30. Kf2 Rb2+ 31. Kg3 b3 32. h4 Rb1 33. Kh2 h5 34. g4 hxg4 35. fxg4 Kg7 36. Kg2 b2 37. Kh2 f5 38. gxf5 gxf5 39. h5 f4 40. Kg2 f3+ 0-1


[Site "https://www.chess.com"]

[Event "Titled Tuesday Blitz November 14 Late 2023"]
[White "Yelisieiev, Yevhenii"]
[Black "Ward, Ieuan C"]
[WhiteFideId "14139642"]
[BlackFideId "406627"]
[WhiteElo "2600"]
[BlackElo "2372"]
[Result "1-0"]
[Round "4"]
[TimeControl "180+1"]
[Date "2023.11.14"]
[WhiteClock "0:00:09"]
[BlackClock "0:00:28"]
[Board "70"]

1. d4 e6 2. Nf3 d5 3. c4 Nf6 4. Nc3 Be7 5. Bg5 O-O 6. e3 h6 7. Bh4 b6 8. cxd5 Nxd5 9. Bxe7 Qxe7 10. Nxd5 exd5 11. Be2 Be6 12. Rc1 c5 13. dxc5 bxc5 14. O-O Nd7 15. Qd2 Rfd8 16. b3 a5 17. Bb5 Nb6 18. a4 c4 19. Nd4 Rdc8 20. Nc6 Qc5 21. Qd4 Rxc6 22. Bxc6 Qxc6 23. Rc3 Rc8 24. Rfc1 Qc5 25. Qf4 Qb4 26. bxc4 dxc4 27. g4 Nxa4 28. R3c2 c3 29. Ra1 Qxf4 30. exf4 Rc4 31. f3 Rxf4 32. Kf2 Rb4 33. Ke3 Rb2 34. Rcc1 Nb6 35. Kd4 c2 36. Rxa5 Nd5 37. Rxd5 Bxd5 38. Kxd5 Kh7 39. Kd4 Kg6 40. Kc3 Ra2 41. Kb3 Ra6 42. Rxc2 Kg5 43. Rc5+ Kh4 44. Rh5# 1-0


[Site "https://www.chess.com"]

[Event "Titled Tuesday Blitz November 14 Late 2023"]
[White "Spichkin, Alexander"]
[Black "Martinez Reyes, Pedro Ramon"]
[WhiteFideId "4144074"]
[BlackFideId "3901807"]
[WhiteElo "2344"]
[BlackElo "2598"]
[Result "0-1"]
[Round "4"]
[TimeControl "180+1"]
[Date "2023.11.14"]
[WhiteClock "0:00:54"]
[BlackClock "0:01:23"]
[Board "71"]

1. f4 e5 2. e4 d5 3. exd5 e4 4. Nc3 Nf6 5. Qe2 Bf5 6. Qb5+ Nbd7 7. d6 c5 8. Qxb7 Bxd6 9. Nb5 Bxf4 10. d3 Rb8 11. Qa6 Rb6 12. Qxa7 Bb8 13. Qa4 O-O 14. Bg5 h6 15. Be3 Re8 16. O-O-O Qe7 17. d4 Ng4 18. dxc5 Nxe3 19. cxb6 Nxd1 20. Kxd1 Nxb6 21. Qb3 Rd8+ 22. Ke1 Qg5 23. Qc3 Qc1+ 24. Kf2 Nd5 25. Qa5 e3+ 26. Ke2 Bg4+ 27. Nf3 Nf4# 0-1


[Site "https://www.chess.com"]

[Event "Titled Tuesday Blitz November 14 Late 2023"]
[White "Atanasov, Anthony"]
[Black "Szente Varga, Fruzsina"]
[WhiteFideId "2623897"]
[BlackFideId "712264"]
[WhiteElo "2597"]
[BlackElo "2343"]
[Result "1-0"]
[Round "4"]
[TimeControl "180+1"]
[Date "2023.11.14"]
[WhiteClock "0:01:21"]
[BlackClock "0:00:14"]
[Board "72"]

1. d4 Nf6 2. Nf3 g6 3. c4 Bg7 4. Nc3 O-O 5. e4 d6 6. Be3 Ng4 7. Bg5 h6 8. Bh4 g5 9. Bg3 c5 10. d5 Nd7 11. Be2 Nge5 12. Nd2 Ng6 13. O-O Nde5 14. Qc2 f5 15. f3 f4 16. Bf2 g4 17. fxg4 Bxg4 18. Bxg4 Nxg4 19. Nf3 N6e5 20. Kh1 Nxf2+ 21. Qxf2 Ng4 22. Qh4 Ne3 23. Rf2 Nxc4 24. Raf1 Ne3 25. Rg1 e5 26. dxe6 Qxh4 27. Nxh4 Bd4 28. Rf3 Kh7 29. Ne2 Bxb2 30. Nxf4 Bd4 31. Rb1 Ng4 32. Rxb7+ Kg8 33. Nf5 Nf2+ 34. Rxf2 Bxf2 35. Nxh6+ Kh8 36. Ng6# 1-0


[Site "https://www.chess.com"]

[Event "Titled Tuesday Blitz November 14 Late 2023"]
[White "VitaliyChayka"]
[Black "Janaszak, Dawid"]
[BlackFideId "1119206"]
[WhiteElo "2327"]
[BlackElo "2589"]
[Result "1-0"]
[Round "4"]
[TimeControl "180+1"]
[Date "2023.11.14"]
[WhiteClock "0:01:07"]
[BlackClock "0:01:13"]
[Board "73"]

1. d4 Nf6 2. Bf4 c5 3. e3 Qb6 4. Na3 Nd5 5. Bg3 cxd4 6. Qxd4 e6 7. Qxb6 axb6 8. Nb5 Na6 9. c3 f5 10. Nd6+ Bxd6 11. Bxd6 Nc5 12. Nf3 Nb3 13. Rb1 Rxa2 14. Bc4 Ra1 15. Rxa1 Nxa1 16. Kd2 Nf6 17. Bg3 Ne4+ 18. Ke2 Nc2 19. Bd3 Na3 20. bxa3 Nxc3+ 21. Kd2 Nd5 22. Bd6 Kf7 23. e4 fxe4 24. Bxe4 Nf6 25. Ne5+ Ke8 26. Bf3 b5 27. Rc1 Kd8 28. Nf7+ 1-0


[Site "https://www.chess.com"]

[Event "Titled Tuesday Blitz November 14 Late 2023"]
[White "Gimenez Aguirre, Alejo Ismael"]
[Black "FM_Kappeler"]
[WhiteFideId "32041667"]
[WhiteElo "2588"]
[BlackElo "2314"]
[Result "1-0"]
[Round "4"]
[TimeControl "180+1"]
[Date "2023.11.14"]
[WhiteClock "0:01:24"]
[BlackClock "0:00:00"]
[Board "74"]

1. e4 c5 2. Nf3 e6 3. d4 cxd4 4. Nxd4 Nf6 5. Bd3 Nc6 6. Nxc6 bxc6 7. O-O e5 8. f4 d6 9. Kh1 Be7 10. Nd2 O-O 11. Nf3 Bg4 12. h3 Bxf3 13. Qxf3 Rb8 14. b3 a5 15. Bb2 exf4 16. Qxf4 Nd7 17. Rf3 Bf6 18. Bxf6 Qxf6 19. Qc1 Qe5 20. Rf5 Qe7 21. Qf4 Ne5 22. Be2 h6 23. Rf1 a4 24. Qg3 axb3 25. axb3 Rb4 26. R5f4 Ng6 27. Rg4 Rxe4 28. Rxe4 Qxe4 29. Bd3 Qe5 30. Qg4 h5 31. Qf3 Ne7 32. Qf2 Nd5 33. Re1 Qf6 34. Qg3 g6 35. Rf1 Qe5 36. Qf3 f5 37. Bc4 Kg7 38. Bxd5 cxd5 39. Rd1 Qe4 40. Rxd5 Qxf3 41. gxf3 Rc8 42. c4 Rb8 43. Rxd6 Rxb3 44. Kg2 Rc3 45. Rc6 Kh6 46. h4 f4 47. Rc7 Rc2+ 48. Kg1 Rc1+ 49. Kf2 Rc2+ 50. Kf1 Rh2 51. c5 Rxh4 52. Kg2 g5 53. Rc8 g4 54. c6 gxf3+ 55. Kxf3 Rh3+ 56. Kxf4 Rc3 57. Ke4 Rc1 58. Kd5 h4 59. Kd6 h3 60. Rh8+ Kg7 61. Rxh3 Rd1+ 62. Kc7 Rc1 63. Rf3 1-0


[Site "https://www.chess.com"]